 Dungeon Sprint DCSS version 0.30-a0-996-ga6910c8ee8 (webtiles) character file.

Game seed: 1273560540657853972

2 fozzywoppz the Ducker (level 1, 0/15 HPs)
             Began as a Djinni Fire Elementalist on Apr 4, 2023.
             Was an Initiate of Jiyva.
             Slain by a ball python (1 damage)
             ... in the Dungeon (Sprint VII: "The Pits").
             The game lasted 00:01:40 (101 turns).

fozzywoppz the Ducker (Djinni Fire Elementalist)     Turns: 101, Time: 00:01:42

Health: 0/15       AC:  2    Str:  7    XL:     1   Next: 33%
Gold:   0          EV: 10    Int: 16    God:    Jiyva [......] SH:  0 Dex: 13

rFire   + + .      SeeInvis .    (no weapon)
rCold   x . .      Faith    .    (no shield)
rNeg    . . .      Spirit   .    a - +0 robe
rPois   ∞          Reflect  .    (no helmet)
rElec   .          Rampage  .    (no cloak)
rCorr   .          NoTele   +    (no gloves)
Will    .....                    (boots unavailable)
Stlth   ++                       (no amulet)
HPRegen 0.22/turn                (no ring)
MPRegen 0.00/turn                (no ring)

@: flying, constricted
A: sickness immunity, fire resistance 2, cold vulnerability 1, float, innate
caster, HP casting, extra vitality 1
a: Renounce Religion


You were in the Dungeon.
You worshipped Jiyva.
Jiyva was noncommittal.
You visited 1 branch

Inventory:

Armour
 a - a +0 robe (worn)
Scrolls
 f - a scroll of blinking
 h - a scroll of butterflies
Potions
 b - a potion of curing
 c - a potion of heal wounds
 d - a potion of haste
 e - 3 potions of berserk rage
 g - 2 potions of invisibility


   Skills:
 + Level 3.1 Dodging
 + Level 1.8 Stealth
 + Level 2.5 Spellcasting


You knew the following spells:

 Your Spells              Type           Power      Damage    Failure   Level
a - Foxfire               Conj/Fire      40%        2x1d6     7%          1
b - Scorch                Fire           20%        2d6       11%         2
c - Kindle Blastsparks    Fire/Tloc/Air  20%        2d11      21%         3
d - Inner Flame           Hex/Fire       10%        N/A       21%         3
e - Flame Wave            Conj/Fire      10%        2d6       56%         4
Your spell library was empty.

Dungeon Overview and Level Annotations

Branches:
Dungeon (1/1)

Altars:
Ashenzari
Cheibriados
Dithmenos
Elyvilon
Fedhas
Gozag
Hepliaklqana
Makhleb
Nemelex Xobeh
Okawaru
Qazlal
Ru
Trog
Uskayaw
Wu Jian
Xom
Yredelemnul
Zin
The Shining One
Jiyva
Lugonu


Innate Abilities, Weirdness & Mutations

You are immune to sickness and miasma.
You are immune to poison.
Your flesh is very heat resistant. (rF++)
You are vulnerable to cold. (rC-)
You float through the air rather than walking.
You learn spells naturally, not from books.
Your magical power is your life essence.
You have superior vitality. (+4 MHP)


Message History

The ball python is severely wounded.
The ball python bites you but does no damage.
The ball python constricts you.
You hit the ball python but do no damage.
The ball python is severely wounded.
The ball python barely misses you. The ball python constricts you.
You hit the ball python but do no damage.
The ball python is severely wounded.
The ball python bites you but does no damage.
The ball python constricts you. The ball python barely misses you.
The ball python constricts you.
Unknown command.
You hit the ball python but do no damage.
The ball python is severely wounded.
The ball python barely misses you. The ball python constricts you.
You escape the ball python's grasp.
The ball python attacks as you move away!
The ball python bites you.
You hear a distant slurping noise.
There is an open door here.
The ball python attacks as you move away!
The ball python bites you but does no damage.
You closely miss the ball python.
The ball python is moderately wounded.
The ball python closely misses you. The ball python grabs you.
The ball python constricts you.
You hear a distant slurping noise.
You closely miss the ball python.
The ball python is moderately wounded.
The ball python bites you.
* * * LOW HITPOINT WARNING * * *
The ball python constricts you.
You hit the ball python but do no damage.
The ball python is moderately wounded.
The ball python bites you.
* * * LOW HITPOINT WARNING * * *
The ball python constricts you.
You hear a distant slurping noise.
The ball python bites you.
You die...

#_________.#
#_______...###########++
##########'##...........
#.?(!')))'.##......#..#.
##########.##...........
#.......v§§†+...........
+#####'#####......#..#.
#...Sl##...........
#).@#.#####'#####++
#####.##.......#
#l##.......#
+...'.##.......#
########...<...#
#.......# #.......#
#.......# #########


You could see a ball python and a frilled lizard.

Vanquished Creatures
  A ball python (D)
  A kobold (D)
  A quokka skeleton (D)
3 creatures vanquished.

Vanquished Creatures (others)
  Dissolution (D)
  2 golden dragons (D)
  A tentacled monstrosity (D)
  An Orb Guardian (D)
  4 acid blobs (D)
  A deep elf master archer (D)
  A rockslime (D)
  An azure jelly (D)
  A white draconian (D)
  A blizzard demon (D)
  A fire dragon (D)
  A hell knight (D)
  A cyclops (shapeshifter) (D)
  2 hellions (D)
  A tormentor (D)
  A golden eye (D)
  A wolf (D)
  A jelly (D)
  An endoplasm (D)
  5 foxfires (D)
29 creatures vanquished.

Grand Total: 32 creatures vanquished

Notes
Turn   | Place    | Note
-------+----------+-------------------------------------------
     0 | D        | fozzywoppz the Djinni Fire Elementalist began the quest for
                  | the Orb.
     0 | D        | fozzywoppz set off with the following spells memorised:
                  | Foxfire, Scorch, Kindle Blastsparks, Inner Flame, Flame
                  | Wave.
     0 | D        | Reached XP level 1. HP: 15/15 MP: 0/0
    35 | D        | Found a glowing golden altar of the Shining One.
    35 | D        | Found a glowing silver altar of Zin.
    35 | D        | Found a basalt altar of Yredelemnul.
    35 | D        | Found a shimmering altar of Xom.
    35 | D        | Found an ornate altar of the Wu Jian Council.
    35 | D        | Found a bloodstained altar of Trog.
    35 | D        | Found a sacrificial altar of Ru.
    35 | D        | Found a stormy altar of Qazlal.
    35 | D        | Found an iron altar of Okawaru.
    35 | D        | Found a sparkling altar of Nemelex Xobeh.
    35 | D        | Found a burning altar of Makhleb.
    35 | D        | Found a viscous altar of Jiyva.
    35 | D        | Found a hazy altar of Hepliaklqana.
    35 | D        | Found an opulent altar of Gozag.
    35 | D        | Found a blossoming altar of Fedhas.
    35 | D        | Found a white marble altar of Elyvilon.
    35 | D        | Found a shadowy altar of Dithmenos.
    35 | D        | Found a snail-covered altar of Cheibriados.
    36 | D        | Found a corrupted altar of Lugonu.
    37 | D        | Found a hide-covered altar of Uskayaw.
    37 | D        | Found a broken altar of Ashenzari.
    59 | D        | Became a worshipper of Jiyva Joigyid the Shapeless
    59 | D        | Killed a wolf
    60 | D        | Killed a cyclops
    61 | D        | Killed an acid blob
    61 | D        | Killed a tentacled monstrosity
    62 | D        | Killed an Orb Guardian
    62 | D        | Killed a hellion
    63 | D        | Killed a hell knight
    63 | D        | Killed an acid blob
    63 | D        | Killed an acid blob
    64 | D        | Killed a blizzard demon
    65 | D        | Killed a golden dragon
    65 | D        | Killed a fire dragon
    66 | D        | Killed an azure jelly
    68 | D        | Killed a deep elf master archer
    69 | D        | Killed a hellion
    69 | D        | Killed an acid blob
    70 | D        | Killed a golden eye
    73 | D        | Reached skill level 3 in Dodging
    73 | D        | Killed a white draconian
    75 | D        | Killed a golden dragon
    76 | D        | Killed Dissolution
    78 | D        | Killed a tormentor
    79 | D        | Killed a rockslime
   101 | D        | Slain by a ball python

Illustrated notes

Levels and vault maps discovered:
D:        pitsprint [storerooms_1, entrance_room_1, metal_vault_2, armoury_1,
          mini_pit_1, grid_room_1, main_hall_1, silver_pit, the_coven_3,
          the_vestibule_1, steel_vault_1, golden_pit, hallway_of_sentries,
          crystal_vault_1, iron_vault_3, final_vault]

Skill      XL: |  1 |
---------------+----+-----
Dodging        | 3 |  3.1
Stealth        | |  1.8
Spellcasting   | |  2.5

Action                     || total
---------------------------++-------
  Melee: Unarmed           ||    16
   Cast: Foxfire           ||     4
 Armour: Robe              ||     4
  Dodge: Dodged            ||    12

Table legend: (Time is in decaauts)
 A = Elapsed time spent in this place.
 B = Non-inter-level travel time spent in this place.
 C = Inter-level travel time spent in this place.
 D = Time resting spent in this place.
 E = Time spent auto-exploring this place.
 F = Levels seen in this place.
 G = Mean time per level.
                   A        B        C        D        E       F      G
               +--------+--------+--------+--------+--------+-----+--------+
         Total |    101 |    101 |      0 |      0 |      0 |   1 |  101.0 |
       Dungeon |    101 |    101 |      0 |      0 |      0 |   1 |  101.0 |
               +--------+--------+--------+--------+--------+-----+--------+

Top non-repeatable levels by time:
       D: 101 daAuts
